Map: Galactic Process LE

Players

星际卡卡西 - Winner!

  • Race: Zerg Zerg
  • League: Grandmaster

IIIIIIIIIIII (State)

  • Race: Protoss Protoss
  • League: Grandmaster

VOD

Have the link to the VOD?

Description

Time

  • Played on: Aug. 4, 2016, 2:18 a.m.
  • Length: 6:47
Show
View Real Time Build Order
Export as new Build Order

星际卡卡西 Zerg - Winner!

Build Orders: 3 Hatch before Pool 

Get SALT Encoding   

  12  0:00  Drone  
  13  0:08  Drone  
  14  0:17  Overlord  
  14  0:21  Extractor  
  14  0:22  Drone  
  17  0:35  Drone x2  
  17  0:53  Hatchery  
  17  0:54  Drone  
  17  0:58  Drone  
  18  1:11  Drone  
  19  1:22  Hatchery  
  18  1:25  Extractor  
  18  1:28  Drone  
  18  1:30  Drone  
  19  1:43  Spawning Pool  
  19  1:46  Drone  
  19  1:52  Drone  
  20  1:59  Drone  
  21  2:06  Drone  
  22  2:15  Drone  
  23  2:16  Overlord  
  23  2:30  Queen x2  
  23  2:34  Queen  
  29  2:38  Metabolic Boost  
  29  2:40  Zergling x2  
  29  2:43  Zergling x2  
  31  2:45  Zergling x2  
  31  2:50  Overlord  
  32  2:55  Drone x2  
  32  2:57  Drone  
  35  3:01  Drone x2  
  35  3:05  Overlord  
  37  3:10  Drone  
  37  3:12  Drone  
  39  3:14  Drone  
  39  3:19  Queen  
  40  3:21  Drone  
  40  3:24  Drone  
  40  3:26  Drone  
  45  3:31  Overlord  
  45  3:32  Drone  
  46  3:36  Drone  
  46  3:37  Overlord  
  47  3:42  Drone x3  
  50  3:49  Drone x3  
  50  3:50  Overlord  
  50  3:54  Drone x2  
  55  3:59  Drone x2  
  55  4:00  Drone  
  55  4:02  Pneumatized Carapace  
  58  4:06  Extractor  
  58  4:09  Drone x2  
  60  4:10  Drone  
  60  4:11  Drone  
  60  4:12  Drone  
  60  4:16  Baneling Nest  
  61  4:17  Evolution Chamber, Drone  
  61  4:18  Drone  
  61  4:21  Queen  
  64  4:27  Queen  
  66  4:32  Overlord x2  
  66  4:36  Overlord x2  
  65  4:43  Drone x2  
  66  4:49  Overlord x2  
  66  4:50  Zerg Melee Weapons Level 1  
  66  4:53  Queen  
  66  4:55  Drone x4  
  66  4:59  Zergling x6  
  75  5:02  Spore Crawler  
  75  5:07  Zergling x10  
  79  5:18  Drone, Lair  
  79  5:19  Roach Warren  
  79  5:21  Drone x4  
  83  5:22  Extractor  
  83  5:26  Zergling x8  
  83  5:27  Baneling  
  83  5:28  Baneling  
  86  5:30  Baneling  
  86  5:32  Drone  
  87  5:40  Hatchery  
  87  5:42  Drone x2  
  88  5:45  Drone x3  
  88  5:47  Extractor  
  89  5:59  Zergling x12  
  89  6:03  Drone x3  
  96  6:05  Drone  
  96  6:06  Drone x2  
  96  6:10  Queen  
  99  6:12  Zergling x10  
  99  6:14  Extractor  
  99  6:18  Zergling x4  
  103  6:22  Zergling x2  
  103  6:25  Zergling x2  
Show
View Real Time Build Order
Export as new Build Order

IIIIIIIIIIII Protoss 

Build Orders: 1 Gate Expand, Phoenix Opening 

Get SALT Encoding   

  12  0:00  Probe (Chrono Boost)  
  13  0:11  Probe (Chrono Boost)  
  14  0:17  Pylon  
  14  0:22  Probe (Chrono Boost)  
  15  0:35  Probe (Chrono Boost)  
  16  0:36  Gateway  
  16  0:42  Assimilator  
  16  0:46  Probe (Chrono Boost)  
  17  0:56  Probe (Chrono Boost)  
  18  1:07  Probe (Chrono Boost)  
  19  1:21  Nexus  
  19  1:23  Probe (Chrono Boost)  
  20  1:33  Cybernetics Core  
  20  1:36  Probe (Chrono Boost)  
  21  1:40  Assimilator  
  21  1:46  Probe (Chrono Boost)  
  22  1:52  Pylon  
  22  1:57  Probe (Chrono Boost)  
  23  2:06  Adept  
  23  2:10  Warp Gate  
  23  2:12  Probe (Chrono Boost)  
  26  2:25  Probe (Chrono Boost)  
  27  2:30  Stargate  
  27  2:33  Probe (Chrono Boost)  
  27  2:35  Probe (Chrono Boost)  
  29  2:40  Stalker  
  29  2:43  Probe (Chrono Boost)  
  32  2:46  Probe (Chrono Boost)  
  33  2:54  Probe (Chrono Boost)  
  33  2:57  Probe (Chrono Boost)  
  35  3:04  Probe (Chrono Boost)  
  36  3:08  Gateway, Probe (Chrono Boost)  
  36  3:09  Gateway  
  37  3:13  Phoenix  
  37  3:15  Probe (Chrono Boost)  
  41  3:20  Probe (Chrono Boost)  
  42  3:27  Pylon  
  42  3:29  Mothership Core (Chrono Boost)  
  42  3:32  Probe (Chrono Boost)  
  44  3:37  Phoenix  
  44  3:40  Pylon  
  46  3:47  Assimilator, Probe x2 (Chrono Boost)  
  48  3:58  Phoenix, Probe (Chrono Boost)  
  48  3:59  Probe (Chrono Boost)  
  52  4:09  Probe (Chrono Boost)  
  54  4:11  Probe (Chrono Boost)  
  54  4:15  Nexus  
  54  4:18  Pylon  
  54  4:19  Probe (Chrono Boost)  
  54  4:20  Phoenix  
  54  4:23  Probe (Chrono Boost)  
  58  4:31  Robotics Facility  
  58  4:32  Probe (Chrono Boost)  
  58  4:35  Probe (Chrono Boost)  
  60  4:42  Phoenix  
  60  4:44  Probe (Chrono Boost)  
  63  4:47  Forge, Probe (Chrono Boost)  
  63  4:48  Assimilator  
  64  4:55  Probe (Chrono Boost)  
  64  4:59  Twilight Council, Probe (Chrono Boost)  
  66  5:05  Phoenix  
  66  5:07  Pylon  
  66  5:09  Probe (Chrono Boost)  
  66  5:12  Probe (Chrono Boost)  
  68  5:17  Robotics Facility  
  68  5:21  Warp Prism, Probe (Chrono Boost)  
  69  5:26  Pylon  
  72  5:29  Probe x2 (Chrono Boost)  
  72  5:34  Probe (Chrono Boost)  
  74  5:40  Probe (Chrono Boost)  
  74  5:41  Probe (Chrono Boost)  
  76  5:46  Probe (Chrono Boost)  
  77  5:52  Probe (Chrono Boost)  
  77  5:53  Probe (Chrono Boost)  
  80  5:58  Probe (Chrono Boost)  
  80  6:04  Probe (Chrono Boost)  
  80  6:05  Probe (Chrono Boost)  
  80  6:10  Probe (Chrono Boost)  
  81  6:14  Adept  
  81  6:15  Adept x2, Assimilator  
  81  6:16  Probe (Chrono Boost)  
  94  6:19  Assimilator  
  94  6:22  Pylon  
  94  6:23  Pylon x2  
  88  6:25  Pylon  
  71  6:36  Probe x2 (Chrono Boost)  
Tags
 
Add a new tag
Caveats
  • Supply blocks, unpowered buildings, or Contaminate may cause inaccurate times.
  • Supply counts are checked every 10 seconds.